 Dungeon Crawl Stone Soup version 0.16.1-12-gf5c4a84 (webtiles) character file.

119 ztt the Skirmisher (level 4, -1/36 HPs)
             Began as a Demonspawn Abyssal Knight on Apr 8, 2015.
             Was a Believer of Lugonu.
             Slain by Sigmund
             ... wielding a +2 scythe of slicing
              (4 damage)
             ... on level 3 of the Dungeon.
             The game lasted 00:05:27 (2583 turns).

ztt the Skirmisher (Demonspawn Abyssal Knight)      Turns: 2583, Time: 00:05:27

Health: -1/36      AC:  4    Str: 13    XL:     4   Next: 74%
Magic:  7/7        EV: 12    Int: 14    God:    Lugonu [**....]
Gold:   164        SH:  0    Dex: 12    Spells: 0 memorised, 3 levels left

rFire  . . .     SeeInvis .     a - +2 hand axe
rCold  . . .     Clarity  .     b - +0 leather armour
rNeg   . . .     SustAb   .     (no shield)
rPois  .         Gourm    .     (no helmet)
rElec  .         Spirit   .     (no cloak)
rCorr  .         Warding  .     i - +0 pair of gloves
rMut   .         Stasis   .     (no boots)
MR     .....                    (no amulet)
Stlth  +.........               (no ring)
                                (no ring)

@: not resistant to hostile enchantments, very unstealthy
A: demonic guardian 1
a: Depart the Abyss, Bend Space, Renounce Religion


You were on level 3 of the Dungeon.
You worshipped Lugonu.
Lugonu was pleased with you.
You were not hungry.

You visited 1 branch of the dungeon, and saw 3 of its levels.
You visited the Abyss 1 time.

You collected 164 gold pieces.

Inventory:

Hand weapons
 a - a +2 hand axe (weapon)
Armour
 b - a +0 leather armour (worn)
 i - a +0 pair of gloves (worn)
Magical staves
 m - an uncursed staff of poison
Scrolls
 e - a scroll of random uselessness
 j - a scroll of remove curse {unknown}
 l - a scroll of teleportation {unknown}
Potions
 d - a potion of agility {unknown}
 g - 2 potions of curing {unknown}
 h - a potion of restore abilities {unknown}
 k - a potion of brilliance {unknown}
 n - a potion of haste {unknown}
Comestibles
 c - 4 bread rations
 f - a meat ration


   Skills:
 + Level 3.6 Fighting
 + Level 2.6 Axes
 + Level 2.2 Armour
 + Level 2.1 Dodging
 + Level 0.4 Stealth
 + Level 3.4 Invocations


You had 3 spell levels left.
You didn't know any spells.

Dungeon Overview and Level Annotations

Branches:
Dungeon (3/15)

Altars:
Fedhas
Sif Muna

Annotations:
D:3 Sigmund; faffalel's ghost, average MiBe


Innate Abilities, Weirdness & Mutations

A weak demonic guardian rushes to your aid.


Message History

The puff of frost hits Sigmund.
Sigmund mumbles some strange words.
Sigmund flickers and vanishes!
Deactivating autopickup; reactivate with Ctrl-A.
Your white imp resists with significant effort.
Your white imp disappears in a puff of smoke!
Drink which item? (? for menu, Esc to quit)
Okay, then.
You are confused.
Something hits you.
You hear some strange, mumbled words.
The puff of flame hits you!
You're too confused!
You're too confused to move!
You hear some strange, mumbled words.
The puff of flame hits you!
You feel less confused. Something hits you!
* * * LOW HITPOINT WARNING * * *
You die...

.........................
......##...[.######..>... #..
#..#.##.## ##.....
###..##......#### #.....
...........#....# #.....
............####.# #.....
.......###.....##.# #.....
#.......# #........## ##....
........###{@.......# #####
#.......#..........## #
.........#.######...# #
#.........# ##..### #
.##.......##########)..## #
..........)...##.....#...## #
##...#..####.#..###.###(.##### #
#..>.............#.####..##..
..###......####...##.#.##.......#


There were no monsters in sight!

Vanquished Creatures
  Terence (D:3)
  3 adders
  2 worms (D:2)
  2 giant geckos
  3 giant cockroaches (D:1)
  5 hobgoblins
  4 jackals
  8 bats
  2 giant newts (D:2)
  6 goblins
  6 kobolds
  5 rats
47 creatures vanquished.

Vanquished Creatures (collateral kills)
  Jessica (D:3)
  A rat (D:3)
2 creatures vanquished.

Vanquished Creatures (others)
  A white imp (D:3)
1 creature vanquished.

Grand Total: 50 creatures vanquished

Notes
Turn   | Place    | Note
--------------------------------------------------------------
     0 | Abyss:1  | ztt, the Demonspawn Abyssal Knight, began the quest for the Orb.
     0 | Abyss:1  | Reached XP level 1. HP: 18/18 MP: 1/1
    53 | Abyss:1  | Noticed a small abomination
    54 | D:1      | Escaped the Abyss
   211 | D:1      | Gained mutation: A weak demonic guardian rushes to your aid. [demonic ancestry]
   211 | D:1      | Reached XP level 2. HP: 18/24 MP: 3/3
   229 | D:1      | Acquired Lugonu's first power
   229 | D:1      | Reached skill level 1 in Dodging
  1226 | D:2      | Reached XP level 3. HP: 29/29 MP: 5/5
  1840 | D:2      | Found a deep blue altar of Sif Muna.
  1938 | D:2      | Reached XP level 4. HP: 18/35 MP: 7/7
  2088 | D:3      | Noticed faffalel's ghost (average MiBe)
  2149 | D:3      | Noticed Sigmund
  2214 | D:3      | Acquired Lugonu's second power
  2254 | D:3      | Found a blossoming altar of Fedhas.
  2293 | D:3      | Noticed Jessica
  2302 | D:3      | Killed Jessica
  2377 | D:3      | Noticed Terence
  2399 | D:3      | Killed Terence
  2583 | D:3      | Slain by Sigmund

Action                   |  1- 3 |  4- 6 || total
-------------------------+-------+-------++-------
Melee: Hand axe          |   136 |    48 ||   184
Invok: Depart the Abyss  |     1 |       ||     1
  Use: Scroll            |     2 |       ||     2
  Eat: Chunk             |     2 |       ||     2
       Bread ration      |       |     1 ||     1
